Map: 트라이튼 - 래더

Players

Hurricane - Winner!

  • Race: Protoss Protoss
  • Spawn Location: 5:00

sOs

  • Race: Protoss Protoss
  • Spawn Location: 11:00

Event: IEM Katowice 2020

VOD

Have the link to the VOD?

Description

Time

  • Played on: Feb. 28, 2020, 11:50 a.m.
  • Length: 13:20

All games in this series

Show
View Real Time Build Order
Export as new Build Order

Hurricane Protoss - Winner!

Build Orders: Oracle Opening 

Get SALT Encoding   

  12  0:00  Probe  
  13  0:12  Probe  
  14  0:17  Pylon  
  14  0:25  Probe (Chrono Boost)  
  15  0:36  Gateway  
  15  0:37  Probe (Chrono Boost)  
  16  0:44  Probe (Chrono Boost)  
  16  0:46  Assimilator  
  17  0:51  Probe  
  17  0:54  Assimilator  
  18  1:03  Probe (Chrono Boost)  
  19  1:08  Gateway  
  19  1:13  Probe (Chrono Boost)  
  19  1:18  Probe (Chrono Boost)  
  20  1:24  Cybernetics Core  
  21  1:29  Probe  
  22  1:36  Pylon  
  22  1:41  Probe  
  23  1:54  Probe  
  23  2:00  Stargate  
  24  2:03  Stalker  
  26  2:12  Warp Gate  
  26  2:17  Stalker  
  28  2:23  Pylon  
  28  2:29  Probe  
  29  2:43  Oracle (Chrono Boost)  
  32  3:07  Nexus  
  32  3:11  Shield Battery  
  32  3:14  Oracle (Chrono Boost)  
  33  3:33  Robotics Facility  
  33  3:35  Pylon  
  33  3:43  Probe  
  34  3:55  Shield Battery  
  34  3:56  Shield Battery  
  34  4:01  Sentry  
  36  4:07  Stalker  
  38  4:18  Shield Battery  
  38  4:21  Immortal (Chrono Boost)  
  40  4:27  Stalker  
  42  4:38  Pylon  
  40  4:40  Stalker  
  38  5:00  Stalker  
  38  5:06  Pylon  
  40  5:12  Immortal (Chrono Boost)  
  42  5:24  Probe x2  
  42  5:28  Sentry  
  46  5:36  Stalker  
  49  5:44  Probe (Chrono Boost)  
  49  5:49  Probe (Chrono Boost)  
  51  5:58  Probe x2 (Chrono Boost)  
  51  6:03  Probe  
  52  6:05  Probe  
  52  6:06  Warp Prism  
  54  6:15  Probe  
  57  6:23  Phoenix  
  59  6:30  Probe (Chrono Boost)  
  61  6:35  Probe (Chrono Boost)  
  61  6:36  Stalker  
  64  6:40  Probe (Chrono Boost)  
  64  6:43  Probe (Chrono Boost)  
  64  6:45  Probe (Chrono Boost)  
  66  6:54  Probe  
  66  6:56  Probe  
  68  7:04  Forge  
  68  7:06  Probe  
  69  7:08  Probe  
  69  7:13  Pylon  
  69  7:14  Assimilator  
  70  7:18  Twilight Council  
  70  7:28  Pylon  
  70  7:30  Assimilator  
  70  7:31  Probe x2, Sentry  
  70  7:32  Zealot  
  76  7:43  Probe  
  77  7:47  Immortal  
  81  8:00  Protoss Ground Weapons Level 1, Zealot x2, Charge  
  85  8:09  Gateway  
  85  8:11  Gateway, Templar Archives  
  85  8:29  Photon Cannon  
  85  8:30  Photon Cannon  
  85  8:33  Gateway  
  85  8:48  Photon Cannon, Shield Battery  
  85  8:51  Pylon  
  85  8:54  Pylon  
  85  8:56  Shield Battery  
  85  9:09  High Templar  
  87  9:10  High Templar x3  
  87  9:11  Gateway  
  87  9:15  Archon x2  
  87  9:16  Shield Battery  
  82  9:29  Probe  
  82  9:30  Probe  
  79  9:33  Zealot  
  75  9:46  Zealot x4  
  80  10:01  Probe x2 (Chrono Boost)  
  80  10:05  Pylon  
  82  10:13  Probe x2 (Chrono Boost)  
  84  10:15  Protoss Ground Weapons Level 2 (Chrono Boost), High Templar x2  
  84  10:18  Probe x2 (Chrono Boost)  
  84  10:20  Archon  
  90  10:37  Probe  
  88  10:44  Probe  
  88  10:49  Probe  
  89  11:00  High Templar x2, Zealot x3  
  99  11:09  Archon  
  99  11:15  Nexus  
  99  11:17  Pylon  
  99  11:19  Pylon, High Templar  
  99  11:21  High Templar  
  99  11:25  Archon  
  103  11:35  Probe x2  
  105  11:41  Zealot x3  
  105  11:46  High Templar  
  113  11:52  High Templar  
  115  11:57  Archon  
  115  12:04  Zealot x4  
  115  12:07  Gateway  
  123  12:28  High Templar x2, Zealot  
  123  12:29  Zealot x3  
  135  12:32  Archon  
  135  12:36  Probe x3  
  127  12:52  High Templar x2, Zealot x2  
  127  12:58  Archon  
  123  13:02  Zealot x3  
  101  13:16  Zealot x2  
Show
View Real Time Build Order
Export as new Build Order

sOs Protoss 

Build Orders:  

Get SALT Encoding   

  12  0:00  Probe  
  13  0:13  Probe  
  14  0:17  Pylon  
  14  0:25  Probe (Chrono Boost)  
  15  0:37  Probe (Chrono Boost), Gateway  
  16  0:43  Probe (Chrono Boost)  
  16  0:45  Assimilator  
  17  0:51  Probe  
  17  0:54  Assimilator  
  18  1:03  Probe (Chrono Boost)  
  19  1:08  Gateway  
  19  1:12  Probe (Chrono Boost)  
  19  1:17  Probe (Chrono Boost)  
  20  1:23  Cybernetics Core  
  21  1:29  Probe  
  22  1:32  Pylon  
  22  1:41  Probe  
  23  1:58  Warp Gate (Chrono Boost)  
  23  2:00  Adept x2  
  27  2:16  Pylon  
  27  2:30  Stalker x2  
  27  2:36  Probe  
  32  2:40  Gateway  
  32  2:52  Pylon  
  32  3:00  Stalker x2  
  36  3:16  Robotics Facility  
  34  3:28  Pylon  
  34  3:41  Stalker x3  
  40  3:51  Shield Battery  
  38  4:03  Observer  
  38  4:04  Stalker  
  38  4:05  Stalker  
  43  4:23  Adept  
  45  4:24  Probe  
  46  4:37  Probe  
  46  4:38  Adept x2  
  51  4:50  Probe  
  51  4:51  Stalker  
  52  5:03  Immortal (Chrono Boost)  
  48  5:17  Sentry x2  
  48  5:19  Sentry, Nexus  
  54  5:26  Pylon  
  54  5:41  Warp Prism (Chrono Boost)  
  54  5:48  Probe  
  57  5:54  Twilight Council  
  57  6:00  Probe  
  57  6:02  Adept  
  60  6:04  Adept  
  60  6:10  Pylon  
  60  6:28  Observer  
  60  6:30  Probe  
  60  6:32  Resonating Glaives (Chrono Boost)  
  62  6:47  Probe x2  
  62  6:51  Adept x3  
  70  6:58  Pylon  
  70  7:08  Pylon  
  70  7:10  Pylon  
  70  7:12  Forge  
  70  7:16  Probe x2  
  70  7:22  Pylon  
  72  7:24  Gateway  
  72  7:27  Gateway  
  72  7:29  Probe  
  73  7:42  Adept x3  
  73  7:50  Protoss Ground Weapons Level 1  
  71  7:57  Probe x2  
  73  8:03  Warp Prism (Chrono Boost)  
  71  8:09  Adept x3  
  75  8:32  Adept x5  
  85  8:42  Gateway  
  85  9:01  Probe  
  85  9:02  Adept x5  
  96  9:03  Assimilator  
  81  9:31  Adept  
  81  9:32  Adept x4  
  89  9:49  Charge (Chrono Boost)  
  89  9:53  Warp Prism (Chrono Boost)  
  89  9:54  Probe x2  
  85  10:01  Templar Archives  
  85  10:03  Assimilator  
  85  10:05  Protoss Ground Weapons Level 2 (Chrono Boost)  
  79  10:15  Zealot x4  
  81  10:44  High Templar x2  
  85  10:50  Archon  
  85  10:54  Probe x2  
  83  11:00  High Templar x2  
  87  11:06  Archon  
  87  11:08  Zealot x2  
  91  11:11  Gateway  
  91  11:13  Gateway  
  91  11:19  Nexus  
  91  11:20  High Templar, Pylon  
  91  11:24  High Templar  
  95  11:30  Zealot x2  
  95  11:31  Archon, Pylon  
  99  11:39  Zealot x2  
  103  11:46  Pylon  
  103  11:51  High Templar  
  103  11:52  High Templar, Zealot  
  109  11:57  Archon  
  109  12:00  Zealot x3  
  115  12:20  High Templar x2  
  115  12:21  Zealot x3  
  125  12:24  Archon  
  125  12:35  Observer  
  125  12:36  Probe x3  
  129  12:41  Zealot x4  
  121  12:55  Zealot x2  
  121  12:56  Zealot x2  
  121  13:04  Zealot x2  
  96  13:09  Zealot  
  70  13:14  Zealot  

Tags
 
Add a new tag
Caveats
  • Supply blocks, unpowered buildings, or Contaminate may cause inaccurate times.
  • Supply counts are checked every 10 seconds.